 Dungeon Crawl Stone Soup version 0.19-a0-1831-gd4c818f (webtiles) character file.

69 Proteus the Covert (level 4, -1/22 HPs)
             Began as a Spriggan Assassin on Oct 8, 2016.
             Slain by an orc
             ... wielding a +0 dagger
              (4 damage)
             ... on level 3 of the Dungeon.
             The game lasted 00:05:17 (2013 turns).

Proteus the Covert (Spriggan Assassin)              Turns: 2013, Time: 00:05:18

Health: -1/22      AC:  3    Str:  7    XL:     4   Next: 2%
Magic:  5/5        EV: 17    Int: 12    God:
Gold:   93         SH:  0    Dex: 18    Spells: 1 memorised, 1 level left

rFire  . . .     SeeInvis +     b - +0 blowgun
rCold  . . .     Gourm    .     c - +0 robe
rNeg   . . .     Faith    .     (shield restricted)
rPois  .         Spirit   .     (helmet restricted)
rElec  .         Dismiss  .     d - +0 cloak
rCorr  .         Reflect  .     (gloves unavailable)
MR     .....     Harm     .     (boots unavailable)
Stlth  ++++......               (no amulet)
                                (no ring)
                                (no ring)

@: very quick
A: unfitting armour, see invisible, herbivore 3, speed 3, slow metabolism 2
a: no special abilities


You were on level 3 of the Dungeon.
You were not hungry.

You visited 1 branch of the dungeon, and saw 3 of its levels.

You collected 93 gold pieces.

Inventory:

Hand Weapons
 a - a +2 dagger
 b - a +0 blowgun (weapon)
Missiles
 e - 22 poisoned needles
 f - 2 curare-tipped needles
 q - 3 needles of sleeping (quivered)
Armour
 c - a +0 robe (worn)
 d - a +0 cloak (worn)
Scrolls
 h - 3 scrolls of remove curse {unknown}
 i - 2 scrolls of identify {unknown}
 m - a scroll of amnesia {unknown}
 o - a scroll of teleportation {unknown}
Potions
 j - a potion of might {unknown}
 k - a potion of brilliance {unknown}
 l - a potion of flight {unknown}
 p - a potion of heal wounds {unknown}
 r - a potion of lignification {unknown}
Books
 n - a book of Minor Magic

   Spells                             Type                      Level
   a - Magic Dart                     Conjuration                  1
   b - Blink                          Translocation                2
   c - Call Imp                       Summoning                    2
   d - Repel Missiles                 Charms/Air                   2
   e - Slow                           Hexes                        2
   f - Conjure Flame                  Conjuration/Fire             3
   g - Mephitic Cloud                 Conjuration/Poison/Air       3
Comestibles
 g - 3 bread rations


   Skills:
 - Level 1.5 Fighting
 - Level 2.1 Short Blades
 - Level 2.0 Throwing
 - Level 1.5 Dodging
 + Level 8.5 Stealth


You had one spell level left.
You knew the following spells:

 Your Spells              Type           Power        Failure   Level  Hunger
a - Blink                 Tloc           N/A          52%         2    ###....


Dungeon Overview and Level Annotations

Branches:
Dungeon (3/15)

Altars:
Ashenzari
Gozag
Makhleb
Nemelex Xobeh
Vehumet
Yredelemnul
Zin


Innate Abilities, Weirdness & Mutations

You are very small and have problems with some larger weapons.
You are too small for most types of armour.
You have supernaturally acute eyesight. (SInv)
You are a herbivore.
You cover ground extremely quickly.
You need consume almost no food.


Message History

b - a +0 blowgun (weapon)
Firing (i - inventory. (,) - cycle):
q - 5 needles of sleeping (quivered)
Press: ? - help, Shift-Dir - straight line, f/p - orc priest
Aim: an orc priest, wielding a club and wearing a runed leather armour (lightly wounded)
You shoot a needle of sleeping.
The needle of sleeping barely misses the orc priest.
The needle of sleeping hits the orc.
Firing (i - inventory. (,) - cycle):
q - 4 needles of sleeping (quivered)
Press: ? - help, Shift-Dir - straight line, f/p - orc priest
Aim: an orc priest, wielding a club and wearing a runed leather armour (lightly wounded)
You shoot a needle of sleeping.
The needle of sleeping closely misses the orc.
The needle of sleeping hits the orc.
The orc priest calls down the wrath of Beogh upon you.
Beogh smites you!
Ouch! That really hurt!
* * * LOW HITPOINT WARNING * * *
There is a stone staircase leading up here.
The orc hits you with a dagger.
You die...

######### #
.!...[.@##.#.###
.....$..oo(.....
######.###o#.###
#. # .. #.. #..
##+


You could see an orc priest and 2 orcs.

Vanquished Creatures
  2 adders (D:2)
  An ooze (D:2)
  A worm (D:2)
  2 leopard geckos (D:2)
  2 ball pythons (D:1)
  3 giant cockroaches
  4 hobgoblins
  3 jackals (D:1)
  5 kobolds
  3 quokkas (D:2)
  4 bats
  2 frilled lizards
  5 goblins
  5 rats
42 creatures vanquished.

Notes
Turn   | Place    | Note
-------+----------+-------------------------------------------
     0 | D:1      | Proteus the Spriggan Assassin began the quest for the Orb.
     0 | D:1      | Reached XP level 1. HP: 10/10 MP: 2/2
    17 | D:1      | Reached skill level 6 in Stealth
   206 | D:1      | Reached XP level 2. HP: 7/14 MP: 3/3
   733 | D:1      | Reached skill level 7 in Stealth
  1107 | D:2      | Reached XP level 3. HP: 13/18 MP: 4/4
  1384 | D:2      | Reached skill level 8 in Stealth
  1519 | D:2      | Found a basalt altar of Yredelemnul.
  1538 | D:2      | Learned a level 2 spell: Blink
  1777 | D:2      | Reached XP level 4. HP: 22/22 MP: 5/5
  1868 | D:2      | Found an opulent altar of Gozag.
  1957 | D:2      | Found a shattered altar of Ashenzari.
  1958 | D:2      | Found a sparkling altar of Nemelex Xobeh.
  1961 | D:2      | Found a burning altar of Makhleb.
  1962 | D:2      | Found a radiant altar of Vehumet.
  1963 | D:2      | Found a glowing silver altar of Zin.
  2013 | D:3      | Slain by an orc

Vault maps used:
D:1:      co_arrival_random_square_maze
D:2:      grunt_gozag_breadcrumbs, minitemple, first_bread

Skill      XL: |  1  2  3 |
---------------+----------+-----
Stealth        | 6 7 8 |  8.5
Fighting       | |  1.5
Short Blades   | |  2.1
Throwing       | |  2.0
Dodging        | |  1.5

Action                   |  1- 3 |  4- 6 || total
-------------------------+-------+-------++-------
Melee: Dagger            |   123 |     5 ||   128
 Fire: Blowgun           |       |     4 ||     4
 Stab: Sleeping          |    12 |       ||    12
       Distracted        |     1 |       ||     1
Armor: Robe              |    13 |       ||    13
Dodge: Dodged            |    97 |     5 ||   102
